 Dungeon Crawl Stone Soup version 0.21.1-1-g345015f (webtiles) character file.

460 Monsterracer the Slasher (level 7, -18/49 HPs)
             Began as an Octopode Monk on Feb 7, 2018.
             Demolished by an ogre
             ... wielding a +0 giant club
              (27 damage)
             ... on level 4 of the Dungeon.
             The game lasted 00:04:06 (3487 turns).

Monsterracer the Slasher (Octopode Monk)            Turns: 3487, Time: 00:04:06

Health: -18/49     AC:  1    Str: 10    XL:     7   Next: 7%
Magic:  0/7        EV: 15    Int: 13    God:
Gold:   144        SH:  0    Dex: 16    Spells: 6/6 levels left

rFire    . . .     SeeInvis .   a - +0 falchion
rCold    . . .     Gourm    .   (no shield)
rNeg     . . .     Faith    .   (helmet restricted)
rPois    .         Spirit   +   i - amulet of guardian spirit
rElec    .         Reflect  .   (no ring)
rCorr    .         Harm     .   (no ring)
MR       .....                  (no ring)
Stlth    ++++......             (no ring)
HPRegen  0.16/turn              (no ring)
MPRegen  0.10/turn              (no ring)
                                (no ring)
                                (no ring)

@: no status effects
A: almost no armour, stealthy swim, amphibious, 8 rings, constrict 8, camouflage
1, gelatinous body 1
a: no special abilities


You were on level 4 of the Dungeon.
You were not hungry.

You visited 1 branch of the dungeon, and saw 4 of its levels.

You collected 144 gold pieces.

Inventory:

Hand Weapons
 a - a +0 falchion (weapon)
 b - a +0 dagger
Jewellery
 h - an uncursed ring of ice
 i - an amulet of guardian spirit (around mantle)
Wands
 m - a wand of polymorph (4)
Scrolls
 d - a scroll of identify
 f - 3 scrolls of remove curse
Potions
 e - 2 potions of brilliance
 g - 3 potions of curing
 j - a potion of berserk rage {!q}
 l - 2 potions of magic
Comestibles
 c - 7 rations
 k - a chunk of flesh


   Skills:
 + Level 4.3 Fighting
 * Level 5.4 Long Blades
 + Level 4.3 Dodging
 + Level 5.1 Stealth


You had 6 spell levels left.
You didn't know any spells.

Dungeon Overview and Level Annotations

Branches:
Dungeon (4/15)
 Temple: D:4-7

Altars:
Ashenzari


Innate Abilities, Weirdness & Mutations

You cannot wear most types of armour.
You are very stealthy in the water. (Stealth+)
You are amphibious.
You can wear up to eight rings at the same time.
You can use your tentacles to constrict eight enemies at once.
Your skin changes colour to match your surroundings (Stealth+).
Your rubbery body absorbs attacks. (AC +1, EV +1)


Message History

Found a leather armour.
Found a stone staircase leading down.
Found 30 stones.
Found a stone staircase leading down.
A leopard gecko comes into view.
The helpless leopard gecko fails to defend itself.
You hit the leopard gecko. You grab the leopard gecko.
You kill the leopard gecko!
No target in view!
Key pressed, stopping explore.
No target in view!
No target in view!
You now have 144 gold pieces (gained 10).
l - 2 glowing sapphire potions You see here 30 stones.
m - a wand of polymorph (4)
A worker ant comes into view.
A worker ant is nearby!
Found a stone staircase leading down.
The helpless worker ant fails to defend itself.
You slash the worker ant! You grab the worker ant.
The worker ant is heavily wounded.
You constrict the worker ant. The worker ant barely misses you.
You hit the worker ant but do no damage.
The worker ant is heavily wounded.
You constrict the worker ant. The worker ant bites you.
You take 1 damage, and have 42/43 hp.
You hit the worker ant.
The worker ant is heavily wounded.
You constrict the worker ant.
The worker ant bites you but does no damage.
The worker ant closely misses you.
You hit the worker ant.
The worker ant is almost dead.
You constrict the worker ant, but do no damage.
The worker ant barely misses you.
As you read the scroll of identify, it crumbles to dust.
l - 2 potions of magic You constrict the worker ant.
You kill the worker ant!
You see here a worker ant corpse. 2 ogres come into view.
The ogre shouts!
Health restored: 43
There are monsters nearby!
You hit the ogre but do no damage. You squeeze the ogre.
The ogre is lightly wounded.
The ogre closely misses you.
You hit the ogre.
The ogre is moderately wounded.
The ogre closely misses you.
You barely miss the ogre.
The ogre is moderately wounded.
The ogre closely misses you.
You barely miss the ogre.
The ogre is moderately wounded.
The ogre hits you with a giant club.
You take 4 damage, and have 39/43 hp.
You now have 5/6 mp.
You completely miss the ogre.
The ogre is moderately wounded.
You hit the ogre but do no damage. You squeeze the ogre, but do no damage.
The ogre is moderately wounded.
The ogre barely misses you.
You riposte.
You barely miss the ogre.
The ogre is moderately wounded.
You hit the ogre. You squeeze the ogre.
The ogre is heavily wounded.
The ogre barely misses you.
You riposte.
You hit the ogre. You squeeze the ogre.
The ogre is heavily wounded.
You barely miss the ogre.
The ogre is heavily wounded.
The ogre hits you with a giant club!
You take 9 damage, and have 30/43 hp.
MASSIVE DAMAGE!!
You now have 4/6 mp.
You are too injured to fight recklessly!
You hit the ogre but do no damage.
The ogre is heavily wounded.
The ogre completely misses you.
You riposte.
You hit the ogre.
The ogre is heavily wounded.
You slash the ogre!
The ogre is severely wounded.
The ogre hits you with a giant club!
* * * LOW HITPOINT WARNING * * *
You take 13 damage, and have 17/43 hp.
MASSIVE DAMAGE!!
You now have 3/6 mp.
You hit the ogre. You squeeze the ogre.
The ogre is almost dead.
You hit the ogre.
You kill the ogre!
Your Stealth skill increases to level 5!
You have reached level 7!
A sky beast comes into view.
You regained 3 hp, and now have 20/49 hp.
You barely miss the ogre. You squeeze the ogre, but do no damage.
The ogre hits you with a giant club!
* * * LOW HITPOINT WARNING * * *
You take 11 damage, and have 9/49 hp.
MASSIVE DAMAGE!!
You now have 2/7 mp.
You hit the ogre.
The ogre is lightly wounded.
You hit the ogre.
The ogre is moderately wounded.
The ogre hits you with a giant club!!
Ouch! That really hurt!
You die...

#.........#*#.....
#.#O>.....# #####.
#.#.......# #.
###.........#* *#.
##...###......#*###..
#..#Y# *###.#...#...#
##†##.# *,..#....##
#####..##O#
***..#....#
#.....###@# *#.#.##..
#.##### #.# #...*##.
#.### #.# ####..###..
#...### #.#
##.....#...# ###...#
#.# #..##)...###
###.###>#####........#
#...........######.#
####........# #.#
###........## #.#


You could see a sky beast and an ogre.

Vanquished Creatures
  2 ogres (D:4)
  An orc priest (D:3)
  A bullfrog skeleton (D:3)
  2 hounds (D:4)
  A worker ant (D:4)
  4 adders
  4 worms
  A dart slug (D:2)
  4 leopard geckos
  3 orcs
  3 ball pythons (D:2)
  14 giant cockroaches
  9 hobgoblins
  7 kobolds
  3 quokkas
  10 bats
  6 frilled lizards
  18 goblins
  9 rats
102 creatures vanquished.

Notes
Turn   | Place    | Note
-------+----------+-------------------------------------------
     0 | D:1      | Monsterracer the Octopode Monk began the quest for the Orb.
     0 | D:1      | Reached XP level 1. HP: 16/16 MP: 1/1
   120 | D:1      | Reached XP level 2. HP: 18/21 MP: 2/2
   541 | D:1      | Reached XP level 3. HP: 26/26 MP: 3/3
   884 | D:2      | HP: 13/26 [poisoned by an adder]
  1136 | D:2      | Reached XP level 4. HP: 28/31 MP: 4/4
  2366 | D:3      | Reached XP level 5. HP: 34/36 MP: 5/5
  2885 | D:3      | Found a shattered altar of Ashenzari.
  3051 | D:4      | Noticed an ogre
  3063 | D:4      | HP: 18/37 [ogre/giant club (16)]
  3064 | D:4      | Killed an ogre
  3064 | D:4      | Reached XP level 6. HP: 21/43 MP: 3/6
  3240 | D:4      | Reached skill level 5 in Long Blades
  3482 | D:4      | HP: 17/43 [ogre/giant club (13)]
  3484 | D:4      | Reached skill level 5 in Stealth
  3484 | D:4      | Reached XP level 7. HP: 20/49 MP: 3/7
  3487 | D:4      | Demolished by an ogre

Skill      XL: |  1  2  3  4  5  6 |
---------------+-------------------+-----
Stealth        | 3 4 5 |  5.1
Long Blades    | 4 5 |  5.4
Fighting       | 4 |  4.3
Dodging        | 4 |  4.3

Action                   |  1- 3 |  4- 6 |  7- 9 || total
-------------------------+-------+-------+-------++-------
Melee: Falchion          |    59 |   112 |     3 ||   174
       Constrict         |    21 |    40 |       ||    61
       Tentacles         |     9 |    30 |     1 ||    40
  Use: Scroll            |     1 |     8 |       ||     9
 Stab: Sleeping          |     9 |    19 |       ||    28
       Distracted        |       |     1 |       ||     1
  Eat: Chunk             |     1 |     7 |       ||     8
Armor: Skin              |     4 |     8 |       ||    12
Dodge: Dodged            |    58 |    94 |       ||   152
       Rpst.: Falchion   |    21 |    35 |       ||    56

Vault maps used:
D:1:      lightli_arrival_lavapool, minmay_small_reverse_x
D:2:      minmay_roachtagon, grunt_ministairs_1, hangedman_decor_push,
          minmay_split_cup_small
D:3:      nicolae_overflow_hidden_temple, amethyst_killhole, serial_bayou_pond_d
D:4:      first_ration
